 Dungeon Crawl Stone Soup version 0.27-a0-577-ge2a43ba0c9 (webtiles) character file.

Game seed: 1259467276207247954

321 willcat the Covert (level 6, -2/39 HPs)
             Began as an Octopode Brigand on Mar 9, 2021.
             Slain by an orc
             ... wielding a +0 mace
              (7 damage)
             ... on level 4 of the Dungeon.
             The game lasted 00:03:06 (2958 turns).

willcat the Covert (Octopode Brigand)               Turns: 2958, Time: 00:03:07

Health: -2/39      AC:  1    Str: 10    XL:     6   Next: 46%
Magic:  6/6        EV:  8    Int: 15    God:
Gold:   83         SH: 10    Dex: 14    Spells: 5/5 levels left

rFire    . . .     SeeInvis .   a - +2 dagger
rCold    . . .     Faith    .   v - +0 tower shield
rNeg     + . .     Spirit   .   (helmet restricted)
rPois    .         Reflect  .   (no amulet)
rElec    .         Harm     .   n - +4 ring of slaying
rCorr    .         Rampage  .   u - ring of positive energy
Will     .....                  (no ring)
Stlth    +++++.....             (no ring)
HPRegen  0.13/turn              (no ring)
MPRegen  0.10/turn              (no ring)
                                (no ring)
                                (no ring)

@: no status effects
A: almost no armour, amphibious, 8 rings, constrict 8, camouflage 1, gelatinous
body 1, nimble swimmer 1
a: no special abilities


You were on level 4 of the Dungeon.
You visited 1 branch of the dungeon, and saw 4 of its levels.

You collected 83 gold pieces.

Inventory:

Hand Weapons
 a - a +2 dagger (weapon)
Missiles
 b - 17 poisoned darts (quivered)
 l - 2 curare-tipped darts
Armour
 v - a +0 tower shield (worn)
Jewellery
 n - a +4 ring of slaying (left tentacle)
 u - a ring of positive energy (right tentacle)
Scrolls
 c - a scroll of enchant armour {unknown}
 d - a scroll of fog {unknown}
 i - 2 scrolls of teleportation {unknown}
 j - a scroll of immolation {unknown}
 m - a scroll of blinking {unknown}
 o - 3 scrolls of fear {unknown}
 p - 2 scrolls of identify {unknown}
 s - a scroll of random uselessness {unknown}
Potions
 e - a potion of invisibility {unknown}
 f - 2 potions of magic {unknown}
 g - a potion of berserk rage {unknown}
 h - a potion of attraction {unknown}
 k - a potion of curing {unknown}
 q - a potion of flight {unknown}
 r - a potion of heal wounds {unknown}
 t - a potion of ambrosia {unknown}


   Skills:
 - Level 2.0 Fighting
 + Level 4.6 Short Blades
 - Level 2.0 Throwing
 - Level 1.9 Dodging
 + Level 8.1 Stealth
 + Level 0.3 Shields


You had 5 spell levels left.
You didn't know any spells.
Your spell library was empty.

Dungeon Overview and Level Annotations

Branches:
Dungeon (4/15)
 Temple: D:4-7

Altars:
Elyvilon
Kikubaaqudgha
Xom
Yredelemnul


Innate Abilities, Weirdness & Mutations

You cannot wear most types of armour.
You are amphibious.
You can wear up to eight rings at the same time.
You can use your tentacles to constrict eight enemies at once.
Your skin changes colour to match your surroundings (Stealth+).
Your rubbery body absorbs attacks. (AC +1, EV +1)
You are stealthy while swimming. (Stealth+)


Message History

You constrict the worker ant, but do no damage.
The worker ant bites you! The orc hits you with a +0 mace.
You are too injured to fight recklessly!
Unknown command.
You are too injured to fight recklessly!
Unknown command.
You hit the worker ant.
The worker ant is lightly wounded.
You constrict the worker ant, but do no damage.
You block the worker ant's attack. The orc closely misses you.
The worker ant bites you.
Unknown command.
The orc wizard shouts!
You hit the worker ant.
The worker ant is moderately wounded.
You constrict the worker ant. The worker ant bites you.
You block the orc's attack.
Unknown command.
You hit the worker ant.
You squeeze the worker ant, but do no damage.
The worker ant is almost dead.
You constrict the worker ant. The worker ant misses you.
The orc wizard points at itself and mumbles some strange words.
The orc wizard flickers and vanishes!
Deactivating autopickup; reactivate with Ctrl-A.
You block the orc's attack. The worker ant closely misses you.
You hit the worker ant but do no damage.
The worker ant is almost dead.
You constrict the worker ant. The worker ant bites you!
* * * LOW HITPOINT WARNING * * *
The orc closely misses you.
Unknown command.
Your shield prevents you from hitting the worker ant.
The worker ant is almost dead.
You constrict the worker ant.
You kill the worker ant!
You block the orc's attack.
Unknown command.
The orc hits you with a +0 mace!
You die...

#.. #..########
#..#....$.. #.
#..#.<.....
#.##..#.......
#..#..#.......
#.#..#.......
#....@.......
##..†o.......
##.#.##+##+##
#.......##.#
#...#.####.#
......#.)....#
........#...)..#
...............#
.#...........†.#


You could see an orc.

Vanquished Creatures
  A human (D:2)
  An orc priest (D:2)
  An orc wizard (D:3)
  A worker ant (D:4)
  3 adders
  An adder skeleton (D:4)
  2 worms (D:2)
  4 dart slugs
  4 leopard geckos
  8 orcs
  A giant cockroach (D:3)
  5 goblins
  5 hobgoblins
  4 jackals (D:4)
  3 quokkas
  3 ball pythons
  3 bats
  2 frilled lizards (D:1)
  A jackal skeleton (D:4)
  4 kobolds
  2 rats (D:1)
59 creatures vanquished.

Vanquished Creatures (others)
  A human (D:3)
1 creature vanquished.

Grand Total: 60 creatures vanquished

Notes
Turn   | Place    | Note
-------+----------+-------------------------------------------
     0 | D:1      | willcat the Octopode Brigand began the quest for the Orb.
     0 | D:1      | Reached XP level 1. HP: 14/14 MP: 1/1
   100 | D:1      | Reached XP level 2. HP: 19/19 MP: 2/2
   851 | D:2      | Reached XP level 3. HP: 24/24 MP: 3/3
  1164 | D:2      | Found a white marble altar of Elyvilon.
  1164 | D:2      | Found a shimmering altar of Xom.
  1285 | D:2      | Reached skill level 6 in Stealth
  1485 | D:2      | Found a runed translucent door.
  1485 | D:2      | Noticed a human
  1488 | D:2      | Found a basalt altar of Yredelemnul.
  1771 | D:2      | Killed a human
  1772 | D:2      | Reached skill level 7 in Stealth
  1772 | D:2      | Reached XP level 4. HP: 20/29 MP: 4/4
  1772 | D:2      | Reached XP level 5. HP: 23/34 MP: 5/5
  1967 | D:3      | Reached XP level 6. HP: 31/39 MP: 6/6
  2075 | D:3      | Found an ancient bone altar of Kikubaaqudgha.
  2076 | D:3      | Noticed a human
  2078 | D:3      | Killed a human
  2385 | D:2      | Reached skill level 8 in Stealth
  2958 | D:4      | Slain by an orc

Illustrated notes

Levels and vault maps discovered:
D:1:      tarquinn_simple_flora_water_b, layout_loops_ring
D:2:      layout_loops_ring, gammafunk_temple_overflow_pools,
          grunt_ministairs_9, hangedman_decor_peaks_small, dk_yredelemnul_ordeal
D:3:      layout_rooms, serial_park_tiny_2, tgw_kikubaaqudgha
D:4:      layout_basic, temple_pool_b

Skill      XL: |  1  2  3  4  5  6 |
---------------+-------------------+-----
Stealth        | 7 8 |  8.1
Short Blades   | 4 |  4.6
Fighting       | |  2.0
Throwing       | |  2.0
Dodging        | |  1.9
Shields        | |  0.3

Action                   |  1- 3 |  4- 6 || total
-------------------------+-------+-------++-------
Melee: Dagger            |    47 |    57 ||   104
       Constrict         |     9 |    13 ||    22
       Tentacles         |     5 |    11 ||    16
Throw: Dart              |    11 |       ||    11
 Stab: Sleeping          |    16 |     6 ||    22
Armor: Skin              |     2 |     4 ||     6
Dodge: Dodged            |    10 |    33 ||    43
Block: Tower shield      |       |     6 ||     6

Table legend: (Time is in decaauts)
 A = Elapsed time spent in this place.
 B = Non-inter-level travel time spent in this place.
 C = Inter-level travel time spent in this place.
 D = Time resting spent in this place.
 E = Time spent auto-exploring this place.
 F = Levels seen in this place.
 G = Mean time per level.
                   A        B        C        D        E       F      G
               +--------+--------+--------+--------+--------+-----+--------+
         Total |   2946 |   2853 |     93 |    423 |   1882 |   4 |  736.5 |
       Dungeon |   2946 |   2853 |     93 |    423 |   1882 |   4 |  736.5 |
               +--------+--------+--------+--------+--------+-----+--------+

Top non-repeatable levels by time:
     D:2: 1297 daAuts
     D:1: 876 daAuts
     D:3: 646 daAuts
     D:4: 126 daAuts
